 Dungeon Crawl Stone Soup version 0.21.1-1-g345015f (webtiles) character file.

78 rgaf the Chopper (level 4, -2/54 HPs)
             Began as a Barachi Berserker on June 14, 2018.
             Was a Believer of Trog.
             Slain by an orc warrior
             ... wielding a +0 flail
              (7 damage)
             ... on level 2 of the Dungeon.
             The game lasted 00:01:09 (1257 turns).

rgaf the Chopper (Barachi Berserker)                Turns: 1257, Time: 00:01:11

Health: -2/54      AC:  2    Str: 24    XL:     4   Next: 36%
Magic:  4/4        EV: 12    Int:  7    God:    Trog [**....]
Gold:   59         SH:  0    Dex: 12    Spells: 3/3 levels left

rFire    . . .     SeeInvis .   a - +0 hand axe
rCold    . . .     Gourm    .   (no shield)
rNeg     . . .     Faith    .   b - +0 animal skin
rPois    .         Spirit   .   (no helmet)
rElec    .         Reflect  .   (no cloak)
rCorr    .         Harm     .   (no gloves)
MR       .....                  (no boots)
Stlth    ..........             (no amulet)
HPRegen  0.18/turn              (no ring)
MPRegen  0.09/turn              (no ring)

@: berserking, very quick
A: +LOS, swims, slowness 1, strong legs 1
a: Hop, Berserk, Trog's Hand, Burn Spellbooks, Renounce Religion


You were on level 2 of the Dungeon.
You worshipped Trog.
Trog was pleased with you.
You were not hungry.

You visited 1 branch of the dungeon, and saw 2 of its levels.

You collected 59 gold pieces.

Inventory:

Hand Weapons
 a - a +0 hand axe (weapon)
Armour
 b - a +0 animal skin (worn)
Scrolls
 e - 2 scrolls of identify {unknown}
 h - a scroll of enchant armour {unknown}
 i - 2 scrolls of immolation {unknown}
 k - a scroll of enchant weapon {unknown}
Potions
 d - a potion of curing {unknown}
 f - 2 potions of might {unknown}
 g - a potion of flight {unknown}
Comestibles
 c - a ration
 j - 2 chunks of flesh


   Skills:
 - Level 3.6 Fighting
 + Level 5.4 Axes
 - Level 2.4 Armour
 - Level 2.1 Dodging
 + Level 0.8 Stealth


You had 3 spell levels left.
You didn't know any spells.

Dungeon Overview and Level Annotations

Branches:
Dungeon (2/15)

Altars:


Innate Abilities, Weirdness & Mutations

Shadows flee at your approach. (+LOS)
You can swim through water.
You cover ground slowly.
You can hop short distances.


Message History

The orc warrior closely misses you.
You closely miss the orc warrior. The orc warrior closely misses you.
You hit the orc warrior.
The orc warrior is lightly wounded.
You slash the orc!
You kill the orc!
Trog accepts your kill.
You closely miss the orc warrior.
The orc warrior is lightly wounded.
The orc warrior hits you with a flail!!
* * * LOW HITPOINT WARNING * * *
You hit the orc warrior but do no damage.
The orc warrior is lightly wounded.
You hit the orc warrior but do no damage.
The orc warrior is lightly wounded.
You slash the orc!
You kill the orc!
Trog accepts your kill. The orc warrior hits you with a flail!
You die...

#.. #..# ...
#.. .. #. #.##
#####)o#####
...#.@....# #..
###.##.†##.#
#.# #........#
#.# #.#.###..#
# .# #.# #.#
#.######.##
#.#####÷#
...##.#.#.#.#.#
#.......#
............)..
#########
#..##.#.#.#.#.#
#.##..÷.).....


You could see an orc warrior.

Vanquished Creatures
  An orc priest (D:2)
  3 oozes
  A worm (D:2)
  A leopard gecko (D:2)
  3 orcs (D:2)
  A ball python (D:1)
  3 giant cockroaches (D:1)
  7 goblins
  A hobgoblin (D:1)
  A bat (D:2)
  2 frilled lizards (D:2)
  2 kobolds (D:1)
  2 rats
28 creatures vanquished.

Notes
Turn   | Place    | Note
-------+----------+-------------------------------------------
     0 | D:1      | rgaf the Barachi Berserker began the quest for the Orb.
     0 | D:1      | Reached XP level 1. HP: 18/18 MP: 1/1
   153 | D:1      | Reached XP level 2. HP: 21/24 MP: 2/2
   223 | D:1      | Reached skill level 4 in Axes
   707 | D:1      | Reached XP level 3. HP: 29/29 MP: 3/3
  1236 | D:2      | Reached ** piety under Trog
  1246 | D:2      | Noticed an orc warrior
  1252 | D:2      | Reached skill level 5 in Axes
  1252 | D:2      | Reached XP level 4. HP: 27/36 MP: 4/4
  1257 | D:2      | Slain by an orc warrior

Skill      XL: |  1  2  3 |
---------------+----------+-----
Axes           | 4 5 |  5.4
Fighting       | |  3.6
Armour         | |  2.4
Dodging        | |  2.1
Stealth        | |  0.8

Action                   |  1- 3 |  4- 6 || total
-------------------------+-------+-------++-------
Melee: Hand axe          |    76 |     5 ||    81
Invok: Berserk           |     1 |       ||     1
  Eat: Chunk             |     2 |       ||     2
Armor: Animal skin       |    11 |       ||    11
Dodge: Dodged            |    51 |     2 ||    53
